 Dungeon Crawl Stone Soup version 0.30-a0-310-g7d6cbdfea6 (webtiles) character file.

Game seed: 16145638783791499916

12389 Flugkiller the Frost Mage (level 11, -10/68 (72) HPs)
             Began as an Octopode Ice Elementalist on Oct 24, 2022.
             Was an Initiate of Gozag.
             Mangled by Snorg (14 damage)
             ... on level 10 of the Dungeon.
             The game lasted 00:21:18 (13312 turns).

Flugkiller the Frost Mage (OpIE)                   Turns: 13312, Time: 00:21:19

HP:   -10/68 (72)   AC:  5    Str:  8    XL:     11   Next: 92%
MP:   3/21          EV: 17    Int: 20    God:    Gozag
Gold: 1377          SH:  0    Dex: 14    Spells: 10/24 levels left

rFire   x . .      SeeInvis +    b - +2 short sword (elec)
rCold   + + .      Faith    .    (no shield)
rNeg    . . .      Spirit   .    (helmet restricted)
rPois   .          Reflect  .    (no amulet)
rElec   .          Harm     .    k - ring of ice
rCorr   .          Rampage  .    p - ring of protection from cold
Will    .....                    y - +4 ring of protection
Stlth   +++.......               i - ring of see invisible
HPRegen 0.31/turn                (no ring)
MPRegen 0.17/turn                (no ring)
                                 (no ring)
                                 (no ring)

@: about to teleport, very slightly contaminated, drained
A: almost no armour, amphibious, 8 rings, camouflage 1, gelatinous body 1,
(nimble swimmer 1), tentacles
a: Renounce Religion, Potion Petition, Call Merchant, Bribe Branch


You were on level 10 of the Dungeon.
You worshipped Gozag.
Gozag was most pleased with you.
You visited 2 branches of the dungeon, and saw 12 of its levels.

You collected 1656 gold pieces.
You spent 220 gold pieces at shops.
You paid 59 gold pieces to Gozag.

Inventory:

Hand Weapons
 b - a +2 short sword of electrocution (weapon)
   (You took it off a kobold on level 1 of the Dungeon)
Missiles
 e - 11 poisoned darts
 K - a throwing net
Magical Staves
 c - a staff of conjuration
   (You found it on level 1 of the Dungeon)
Jewellery
 i - a ring of see invisible (on tentacle)
   (You found it on level 8 of the Dungeon)
 k - a ring of ice (left tentacle)
   (You found it on level 2 of the Dungeon)
 p - a ring of protection from cold (right tentacle)
   (You found it on level 2 of the Dungeon)
 y - a +4 ring of protection (on tentacle)
   (You found it on level 6 of the Dungeon)
Wands
 g - a wand of digging (1)
   (You took it off Blork the orc on level 6 of the Dungeon)
 j - a wand of polymorph (7)
   (You took it off Eustachio on level 6 of the Dungeon)
 m - a wand of iceblast (9)
   (You took it off Ijyb on level 3 of the Dungeon)
 w - a wand of light (6)
   (You took it off Sigmund on level 2 of the Dungeon)
 F - a wand of flame (31)
   (You found it on level 8 of the Dungeon)
Scrolls
 f - 2 scrolls of enchant armour
 l - 3 scrolls of magic mapping
 o - 3 scrolls of immolation
 t - 3 scrolls of teleportation
 v - a scroll of vulnerability
 x - a scroll of silence
 z - a scroll of blinking
 A - a scroll of poison
 C - a scroll of enchant weapon
 E - a scroll of amnesia
 I - a scroll of fear
 L - a scroll of brand weapon {unknown}
Potions
 a - 4 potions of magic
 d - a potion of brilliance
 h - 3 potions of haste
 n - 2 potions of mutation {unknown}
 q - 6 potions of curing
 s - a potion of resistance {unknown}
 u - 5 potions of attraction
 B - a potion of lignification {unknown}
 D - a potion of berserk rage {unknown}
 G - a potion of flight {unknown}
 H - a potion of invisibility {unknown}
 J - a potion of cancellation {unknown}


   Skills:
 - Level 6.0 Fighting
 + Level 9.5 Dodging
 - Level 3.0 Stealth
 - Level 7.0 Spellcasting
 - Level 6.0 Conjurations
 - Level 5.0 Summonings
 - Level 10.0 Ice Magic
 - Level 6.0 Evocations


You had 10 spell levels left.
You knew the following spells:

 Your Spells              Type           Power      Damage    Failure   Level
a - Freeze                Ice            100%       1d10      1%          1
b - Frozen Ramparts       Ice            100%       1d16      1%          3
c - Summon Ice Beast      Ice/Summ       53%        N/A       4%          4
d - Ozocubu's Armour      Ice            63%        N/A       1%          3
e - Hailstorm             Conj/Ice       55%        3d12      1%          3

Your spell library contained the following spells:

 Spells                   Type           Power      Damage    Failure   Level
 Kiss of Death            Conj/Necr      76%        2d11      2%          1
 Stone Arrow              Conj/Erth      38%        3d9       9%          3
 Sandblast                Erth           14%        2d6       10%         1
 Mephitic Cloud           Conj/Pois/Air  15%        N/A       12%         3
 Ice Form                 Ice/Tmut       40%        N/A       12%         4
 Cigotuvi's Dreadful Rot  Necr/Pois/Air  14%        N/A       14%         2
 Passwall                 Tmut/Erth      5%         N/A       14%         2
 Poisonous Vapours        Pois/Air       14%        N/A       14%         2
 Sublimation of Blood     Necr           7%         N/A       14%         2
 Wereblood                Tmut           7%         N/A       14%         2
 Flame Wave               Conj/Fire      19%        2d7       26%         4
 Sticky Flame             Conj/Fire      19%        2d4       26%         4
 Confusing Touch          Hex            7%         N/A       28%         3
 Inner Flame              Hex/Fire       7%         N/A       28%         3
 Dispel Undead            Necr           7%         3d8       67%         4
 Summon Hydra             Summ           13%        N/A       100%        7


Dungeon Overview and Level Annotations

Branches:
Dungeon (11/15) Zot: 26871  Temple (1/1) D:6 Zot: 5880    Lair (0/5) D:10
    Orc (0/2) D:10

Altars:
Ashenzari
Cheibriados
Dithmenos
Elyvilon
Fedhas
Gozag
Hepliaklqana
Kikubaaqudgha
Makhleb
Nemelex Xobeh
Okawaru
Qazlal
Ru
Sif Muna
Trog
Uskayaw
Vehumet
Wu Jian
Xom
Yredelemnul
Zin
The Shining One

Shops:
D:2 (   D:6 *

Annotations:
D:8 Joseph
D:10 Snorg


Innate Abilities, Weirdness & Mutations

You cannot wear most types of armour.
You are amphibious.
You can wear up to eight rings at the same time.
Your skin changes colour to match your surroundings (Stealth+).
Your rubbery body absorbs attacks. (AC +1, EV +1)
((You are camouflaged when in or above water. (Stealth+)))
You have tentacles for arms and can constrict up to eight enemies at once.


Message History

You feel a surge of power!
You freeze the wraith.
The wraith resists.
You destroy the wraith!
You now have 1377 gold pieces (gained 8).
You start resting.
Magic restored.
You start resting.
You feel yourself speed up.
You start resting.
HP restored.
There is a stone staircase leading down here.
(D) Dungeon (T) Temple (L) Lair (O) Orcish Mines
Where to? (Enter - D:10 @ (x,y), ? - help)
There is an open door here.
Snorg is nearby!
There is an open door here.
Casting: Freeze (safe; 1% risk of failure)
Confirm with . or Enter, or press ? or * to list all spells.
You feel a surge of power! A chill wind blows around you.
What are your orders? t - Shout!
Orders for allies: a - Attack new target. r - Retreat! s - Stop attacking. g - Guard the area. f - Follow me.
Anything else - Cancel.
You shout for attention!
Snorg bites your ice beast but does no damage.
Snorg claws your ice beast! Snorg closely misses your ice beast.
Your ice beast hits Snorg.
Your ice beast freezes Snorg!
There is an open door here.
Casting: Summon Ice Beast (dangerous; 4% risk of failure)
Confirm with . or Enter, or press ? or * to list all spells.
You feel a surge of power!
Really hailstorm near your ice beast? [Y]es or [N]o only, please.
Really hailstorm near your ice beast? [Y]es or [N]o only, please.
Really hailstorm near your ice beast?
Okay, then.
Snorg bites your ice beast. Snorg claws your ice beast. x2
Your ice beast closely misses Snorg.
Casting: Hailstorm (safe; 1% risk of failure)
Confirm with . or Enter, or press ? or * to list all spells.
You feel a surge of power!
A cannonade of hail descends around you!
The hail misses Snorg.
Snorg bites your ice beast! Snorg claws your ice beast!
Your ice beast dies!
Your ice beast disappears in a puff of smoke!
Casting: Hailstorm (safe; 1% risk of failure)
Confirm with . or Enter, or press ? or * to list all spells.
You feel a surge of power! A chill wind blows around you.
Snorg barely misses your ice beast. Snorg closely misses your ice beast.
Snorg completely misses your ice beast.
Casting: Summon Ice Beast (dangerous; 4% risk of failure)
Confirm with . or Enter, or press ? or * to list all spells.
You feel a surge of power!
A cannonade of hail descends around you!
The hail pelts Snorg!!
Snorg is moderately wounded.
Snorg bites your ice beast! Snorg misses your ice beast.
Snorg claws your ice beast but does no damage.
Your ice beast barely misses Snorg.
Casting: Hailstorm (safe; 1% risk of failure)
Confirm with . or Enter, or press ? or * to list all spells.
You feel a surge of power!
You miscast Hailstorm.
You are very lightly contaminated with residual magic.
Nothing appears to happen.
Snorg goes berserk!
Your ice beast hits Snorg.
Your ice beast freezes Snorg!
Casting: Hailstorm (safe; 1% risk of failure)
Confirm with . or Enter, or press ? or * to list all spells.
You feel a surge of power!
A cannonade of hail descends around you!
The hail pelts Snorg!!
Snorg is heavily wounded.
Snorg rages.
Snorg bites your ice beast!! Snorg claws your ice beast!
Snorg closely misses your ice beast. x2; Snorg claws your ice beast.
Snorg claws your ice beast!!
Your ice beast dies!
Your ice beast disappears in a puff of smoke!
As you read the scroll of teleportation, it crumbles to dust.
You feel strangely unstable.
Snorg rages.
You hit Snorg. You squeeze Snorg!
Snorg is severely wounded.
Snorg completely misses you. Snorg closely misses you. Snorg claws you.
Snorg barely misses you. Snorg claws you! Snorg claws you.
You hit Snorg.
Snorg is severely wounded.
Snorg bites you! Snorg misses you. Snorg barely misses you.
You hit Snorg. You squeeze Snorg, but do no damage.
Snorg is severely wounded.
Snorg bites you! Snorg claws you!
* * * LOW HITPOINT WARNING * * *
Snorg claws you!
* * * LOW HITPOINT WARNING * * *
Snorg bites you.
* * * LOW HITPOINT WARNING * * *
Snorg closely misses you. Snorg claws you!
You die...
Your body crumbles into a pile of gold.

######## #.......# ############
.......# #.......# ###..........#
.......# #.......# #.'..........#
.......###.......###.#..........#
.......'.#.......'...#..........#
.......#.'....>..############'###
.....<.###.......# #(# .......#
######'### ##.# ##'##### #...@.#
#..# #..# ##.###T#### ##.##
###'### #.........# #..# ......#
##.T.......# #.## ......#
#..##......# #.# ......#
###.....#....######.#
......###.'......#........#.#
......'...#..........####...#
......#####.....>....# #.###


You could see Snorg (berserk).

Vanquished Creatures
  A death yak (D:10)
  Pikel (D:9)
  A manticore (D:10)
  Maurice (D:9)
  Psyche (D:8)
  An unseen horror (D:10)
  2 trolls
  Sigmund (D:2)
  A shadow (D:9)
  6 yaks
  A wraith (D:10)
  3 wyverns
  2 steam dragons
  Edmund (D:6)
  An ice beast (D:6)
  7 orc warriors
  2 sky beasts
  A centaur (D:8)
  2 phantoms (D:6)
  A kobold brigand (D:4)
  2 bullfrogs
  3 nameless horrors
  Blork the orc (D:6)
  4 gnoll sergeants
  A necrophage (D:4)
  A wyvern zombie (D:6)
  3 scorpions
  7 wights
  Dowan (D:6)
  8 killer bees
  An electric eel (D:7)
  A jelly (D:6)
  3 hounds
  2 bullfrog zombies (D:6)
  4 orc priests
  Ijyb (D:3)
  20 orc wizards
  A hell rat (D:10)
  2 gnolls (D:10)
  9 adders
  A worm (D:2)
  A dart slug (D:4)
  29 orcs
  4 ball pythons
  9 endoplasms
  6 giant cockroaches
  4 goblins
  4 hobgoblins
  5 jackals
  3 quokkas
  2 bats (D:1)
  A frilled lizard (D:1)
  5 kobolds
  8 rats
194 creatures vanquished.

Vanquished Creatures (collateral kills)
  2 death yaks (D:10)
  6 yaks
  Eustachio (D:6)
  Duvessa (D:6)
  An orc warrior (D:6)
  A black bear (D:7)
  2 ogres
  A centaur (D:7)
  A lemure (D:9)
  2 bullfrogs (D:9)
  A gnoll sergeant (D:6)
  9 wights
  6 killer bees
  A centaur zombie (D:6)
  A bullfrog zombie (D:6)
  Crazy Yiuf (D:6)
  A centaur skeleton (D:6)
  An orc wizard (D:7)
  A gnoll (D:10)
  A howler monkey zombie (D:6)
  An adder (D:6)
  A river rat (D:10)
  6 orcs
49 creatures vanquished.

Vanquished Creatures (others)
  9 withered plants (D:6)
9 creatures vanquished.

Grand Total: 252 creatures vanquished

Notes
Turn   | Place    | Note
-------+----------+-------------------------------------------
     0 | D:1      | Flugkiller the Octopode Ice Elementalist began the quest
                  | for the Orb.
     0 | D:1      | Reached XP level 1. HP: 11/11 MP: 3/3
   191 | D:1      | Reached skill level 1 in Fighting
   191 | D:1      | Reached XP level 2. HP: 18/18 MP: 5/5
   965 | D:2      | Reached XP level 3. HP: 23/23 MP: 7/7
   969 | D:2      | Learned a level 3 spell: Frozen Ramparts
  1130 | D:2      | Found Uzuoh's Antique Weapon Emporium.
  1459 | D:2      | Noticed Sigmund
  1760 | D:3      | Reached XP level 4. HP: 20/28 MP: 6/8
  2039 | D:3      | Reached skill level 5 in Ice Magic
  2044 | D:3      | Learned a level 4 spell: Summon Ice Beast
  2100 | D:3      | Noticed Ijyb
  2107 | D:3      | Killed Ijyb
  2108 | D:3      | Reached XP level 5. HP: 25/33 MP: 9/9
  2724 | D:4      | Reached skill level 1 in Summonings
  2742 | D:4      | Noticed a kobold brigand
  2996 | D:4      | You fall into a shaft and drop 1 floor!
  2996 | D:5      | Entered Level 5 of the Dungeon
  3150 | D:4      | Reached XP level 6. HP: 38/38 MP: 6/11
  3753 | D:5      | Reached skill level 6 in Ice Magic
  3965 | D:5      | Reached XP level 7. HP: 43/43 MP: 9/13
  4356 | D:5      | Reached skill level 5 in Spellcasting
  4452 | D:5      | Found an ancient bone altar of Kikubaaqudgha.
  4675 | D:6      | Noticed a nameless horror
  4704 | D:6      | Noticed a yak
  4704 | D:6      | Noticed a yak
  4704 | D:6      | Noticed a yak
  4704 | D:6      | Noticed a yak
  4717 | D:6      | Found a blossoming altar of Fedhas.
  4803 | D:6      | Found a staircase to the Ecumenical Temple.
  4812 | Temple   | Entered the Ecumenical Temple
  4898 | Temple   | Became a worshipper of Gozag Ym Sagoz the Greedy
  4956 | D:6      | Killed a nameless horror
  4993 | D:6      | Noticed Edmund
  5013 | D:6      | Killed Edmund
  5014 | D:6      | Reached XP level 8. HP: 12/50 MP: 6/15
  5226 | D:6      | Reached skill level 7 in Ice Magic
  5399 | D:6      | Noticed Duvessa
  5400 | D:6      | Noticed Dowan
  5434 | D:6      | Killed Dowan
  5434 | D:6      | Killed Duvessa
  5639 | D:6      | Reached skill level 5 in Dodging
  5800 | D:6      | Noticed Blork the orc
  5820 | D:6      | Killed Blork the orc
  5821 | D:6      | Reached XP level 9. HP: 56/56 MP: 5/16
  5933 | D:6      | Noticed Eustachio
  5952 | D:6      | Killed Eustachio
  5953 | D:6      | Reached skill level 8 in Ice Magic
  6194 | D:6      | Reached skill level 5 in Summonings
  6415 | D:6      | Found a runed translucent door.
  6416 | D:6      | Noticed Crazy Yiuf
  6685 | D:6      | Reached skill level 5 in Fighting
  6860 | D:6      | Killed Crazy Yiuf
  7152 | D:2      | Killed Sigmund
  7316 | D:6      | Found Guis's General Store.
  7515 | D:7      | Reached skill level 1 in Evocations
  7535 | D:7      | Reached XP level 10. HP: 66/66 MP: 13/17
  7683 | D:7      | Identified the +1 ring mail of Samyhi {Drain Int+5}
  7725 | D:7      | Found a stormy altar of Qazlal.
  7820 | D:7      | Reached skill level 5 in Evocations
  8090 | D:7      | Found a hazy altar of Hepliaklqana.
  8564 | D:8      | Noticed Joseph
  8984 | D:8      | Found a shadowy altar of Dithmenos.
  8985 | D:8      | Found a snail-covered altar of Cheibriados.
  8986 | D:8      | Found an ornate altar of the Wu Jian Council.
  8986 | D:8      | Found a shimmering blue altar of Sif Muna.
  9305 | D:8      | Noticed Psyche
  9330 | D:8      | Killed Psyche
  9863 | D:8      | Found a glowing golden altar of the Shining One.
 10252 | D:9      | Noticed Pikel
 10312 | D:9      | Found a sacrificial altar of Ru.
 10448 | D:9      | Killed Pikel
 10449 | D:9      | Reached skill level 1 in Conjurations
 10449 | D:9      | Reached XP level 11. HP: 53/72 MP: 6/21
 10872 | D:9      | Noticed Maurice
 10885 | D:9      | Killed Maurice
 10896 | D:9      | HP: 3/72 [poisoned by Maurice]
 11281 | D:9      | Learned a level 3 spell: Ozocubu's Armour
 11390 | D:6      | Bought a book of Frost for 220 gold pieces
 11394 | D:6      | Learned a level 3 spell: Hailstorm
 11520 | D:10     | Entered Level 10 of the Dungeon
 11697 | D:10     | Noticed Snorg
 11779 | D:10     | Noticed a death yak
 11790 | D:10     | Noticed a death yak
 11792 | D:10     | Noticed a death yak
 11802 | D:10     | Killed a death yak
 11803 | D:10     | Reached skill level 9 in Ice Magic
 12155 | D:10     | Noticed a manticore
 12174 | D:10     | Killed a manticore
 12463 | D:10     | Reached skill level 10 in Ice Magic
 12577 | D:10     | Reached skill level 5 in Conjurations
 12624 | D:10     | Found a staircase to the Orcish Mines.
 12686 | D:10     | Found a staircase to the Lair.
 12758 | D:10     | Killed a death yak
 12865 | D:10     | Killed a death yak
 13312 | D:10     | Mangled by Snorg

Illustrated notes

Levels and vault maps discovered:
D:1:      minmay_arrival_floating_metal, layout_basic
D:2:      minmay_evil_eye, layout_loops_ring, serial_shops,
          nicolae_shop_hallway_plus, uniq_sigmund
D:3:      layout_loops_corners, uniq_ijyb
D:4:      layout_basic
D:5:      layout_layer_cave, kennysheep_mini_moat
D:6:      layout_basic, mainiacjoe_overflow_catwalk,
          minmay_temple_entry_steel_oval, serial_shops, shop, serial_undead,
          serial_undead_f, serial_undead_e, serial_undead_e, serial_undead_f,
          minmay_strange_pillars, sword_in_stone, uniq_duvessa, uniq_edmund,
          uniq_crazy_yiuf_cottage, uniq_eustachio
D:7:      layout_loops_ring, nicolae_qazlal_eye_of_the_storm,
          mainiacjoe_overflow_chevrons, lightli_minifort
D:8:      layout_loops_corners, tso_altar, mainiacjoe_overflow_alcove_3,
          minmay_misc_feat_columns, grunt_decor_clamped, uniq_joseph,
          uniq_psyche
D:9:      layout_long_grid, mainiacjoe_overflow_cross_hatched, uniq_pikel,
          uniq_maurice
D:10:     layout_roguey, dpeg_lair_monsters, david_orc_4, uniq_snorg
D:11:     layout_basic, kennysheep_cross_bottleneck, onia_ninara_cookie,
          uniq_erica, uniq_lodul
Temple:   nicolae_temple_godzebo

Skill      XL: |  1  2  3  4  5  6  7  8  9 10 11 |
---------------+----------------------------------+-----
Fighting       | 1 2 3 5 6 |  6.0
Spellcasting   | 3 4 5 7 |  7.0
Ice Magic      | 5 6 7 8 10 | 10.0
Stealth        | 3 |  3.0
Summonings     | 1 2 4 5 |  5.0
Dodging        | 5 8 9 |  9.5
Evocations     | 1 6 |  6.0
Conjurations   | 1 6 |  6.0

Action                   |  1- 3 |  4- 6 |  7- 9 | 10-12 || total
-------------------------+-------+-------+-------+-------++-------
Melee: Short sword       |    49 |    55 |    57 |   127 ||   288
       Constrict         |     8 |    10 |    13 |    23 ||    54
       Tentacles         |     2 |     9 |    13 |    29 ||    53
       Punch             |       |       |     1 |     2 ||     3
 Cast: Freeze            |     9 |    22 |    19 |    20 ||    70
       Frozen Ramparts   |     1 |     6 |    17 |    38 ||    62
       Summon Ice Beast  |       |       |    28 |    45 ||    73
       Hailstorm         |       |       |       |    12 ||    12
       Ozocubu's Armour  |       |       |       |     4 ||     4
Evoke: Wand              |       |       |     1 |     1 ||     2
  Use: Scroll            |       |     7 |     6 |     8 ||    21
       Potion            |       |       |     1 |     1 ||     2
 Stab: Sleeping          |    18 |     5 |     3 |     1 ||    27
       Distracted        |       |     2 |       |     1 ||     3
Armor: Skin              |     6 |     1 |     4 |    22 ||    33
Dodge: Dodged            |    26 |    43 |    55 |   137 ||   261

Table legend: (Time is in decaauts)
 A = Elapsed time spent in this place.
 B = Non-inter-level travel time spent in this place.
 C = Inter-level travel time spent in this place.
 D = Time resting spent in this place.
 E = Time spent auto-exploring this place.
 F = Levels seen in this place.
 G = Mean time per level.
                   A        B        C        D        E       F      G
               +--------+--------+--------+--------+--------+-----+--------+
         Total |  13328 |  12229 |   1099 |   3399 |   6233 |  12 | 1110.7 |
       Dungeon |  13208 |  12141 |   1067 |   3399 |   6168 |  11 | 1200.7 |
        Temple |    119 |     87 |     32 |      0 |     65 |   1 |  119.0 |
               +--------+--------+--------+--------+--------+-----+--------+

Top non-repeatable levels by time:
     D:6: 2421 daAuts
    D:10: 1780 daAuts
     D:8: 1708 daAuts
     D:9: 1265 daAuts
     D:3: 1041 daAuts
     D:5: 1034 daAuts
     D:4: 1031 daAuts
     D:7: 1012 daAuts
     D:2: 954 daAuts
     D:1: 945 daAuts
  Temple: 119 daAuts
    D:11: 11 daAuts
